Sam, lawful male human Knight --------- |.......| ------------- |....(..| ##.............# |>......-# # |......{<...|# -|-------# ### ---.---------# # # # # # # # #%# ### # # # # # # ---------- # # #### #### # |!!!!!!!.| ---.-------# # ------------ # |m@!!!!!.-########## |.........|### |..........| #+ |!!!!!!!@| # |.........|# |..........| ---------- ##..........|### |..........| |.........|` # |..........| |.........| ##-..........| ----------- ------------ Sam the Esquire Experience level: 3 Strength: 15 Dexterity: 8 Constitution: 12 Intelligence: 7 Wisdom: 17 Charisma: 17 Health: 0(30) Energy: 17(17) Def: 7 Gold: 457 Moves: 1875 Dungeon seed: h7odO00YFd6hO64T Game ID: Sam_1523356698 Your Inventory: Coins $ - 457 gold pieces Amulets o - an uncursed amulet versus poison (being worn) Weapons a - a corroded +1 long sword b - a +1 lance (weapon in hand) Armor e - an uncursed +1 ring mail (being worn) n - an uncursed +0 helmet (being worn) q - an uncursed +0 small shield (being worn) r - an uncursed +0 pair of leather gloves (being worn) Comestibles c - 10 uncursed apples d - 12 uncursed carrots f - an uncursed sprig of wolfsbane g - an uncursed tin of kobold meat k - an uncursed food ration l - an uncursed lembas wafer Scrolls p - an uncursed scroll of destroy armor Spellbooks i - an uncursed spellbook of magic missile Tools j - an uncursed oil lamp (0:1459) s - an uncursed skeleton key Spells and supernatural/magical abilities: Name Level Category Fail Memory W - pray for help -- divine ? -- X - turn undead -- divine ? -- Y - supernatural jump -- ability ? -- Your skills at the end: Fighting Skills riding [Basic] Weapon Skills long sword [Basic] lance [Basic] Spellcasting Skills Final Attributes: You were piously aligned. You were poison resistant. You could jump. You were held by a giant mimic. You are dead. Vanquished creatures: a kobold lord an acid blob a large kobold a brown mold a green mold a gecko 3 jackals 2 kobolds a goblin a sewer rat 8 grid bugs 2 lichens a kobold zombie 3 newts 27 creatures vanquished. Voluntary challenges: You followed a strict vegan diet. You were an atheist. You used a wielded weapon 31 times, starting on turn 68. You read items or engraved 1 time, starting on turn 1802. You never genocided any monsters. You never polymorphed an object. You never changed form. You used no wishes. You never split a pudding. You never wrote Elbereth's name. You never violated your personal moral code. Dungeon overview: The Dungeons of Doom: levels 1 to 4 Level 1 a fountain a long staircase Level 2 a scroll shop, an altar to Brigit, a fountain Level 3 a fountain, a sink a long staircase Level 4 <- You were here a potion shop, a fountain History has recorded: On T:1 you entered the Dungeons of Doom to retrieve the Amulet of Yendor! On T:368 you reached level 2 of The Dungeons of Doom. On T:499 you advanced to experience level 2. On T:985 you reached level 3 of The Dungeons of Doom. On T:1291 you advanced to experience level 3. On T:1401 you reached level 4 of The Dungeons of Doom. Score breakdown: Gold: 457 ( 9051 points) Experience: 3 levels ( 7878 points) Exploration: 4 levels ( 7.69%) ( 7276 points) Discoveries: 3 items ( 1.22%) ( 3312 points) Valuables value: (no points given unless you survive) Artifact value: 0 ( 0 points) Variety of kills: 14 monsters ( 3.67%) ( 5750 points) Turncount: 1875 turns ( 0 points) Survival: died (score multiplied by 80%) Total score: 26613 Latest messages: The floating eye glares at you. You manage to look away just in time; but that disturbs your aim, and you miss. "Salutations, Sam! Welcome again to Walbrzych's liquor emporium!" The floating eye glares at you. You manage to look away just in time; but that disturbs your aim, and you miss. "Salutations, Sam! Welcome again to Walbrzych's liquor emporium!" (2x) You see here a brilliant blue potion (38 zorkmids). You see here a fizzy potion (225 zorkmids). You see here a milky potion (75 zorkmids). You see here a fizzy potion (300 zorkmids). You see here a puce potion (113 zorkmids). You see here a potion of water (4 zorkmids). Wait! That's a giant mimic! The giant mimic hits! (2x) You cannot escape from the giant mimic! (2x) Never mind. You hit the giant mimic. You miss the giant mimic. The giant mimic hits! You die... Walbrzych gratefully inherits all your possessions. Final status: Fare thee well Sam the Knight, killed by a giant mimic... You died in The Dungeons of Doom on dungeon level 4 with 26613 points, and 457 pieces of gold, after 1875 moves. You were level 3 with a maximum of 30 hit points when you died.